TOP OF THE 1ST |
Port Arthur Pirates batting - Pitching for Galveston Sand Crabs : LHP Randy Myers
|
Pitching: LHP Randy Myers
|
|
Batting: SHB Geoff Doggett
|
0-0: Ball 1-0: Ball 2-0: Called Strike 2-1: Foul Ball, location: 2F 2-2: Strikes out looking
|
Batting: RHB Billy Ripken
|
0-0: Foul Ball, location: 2F 0-1: Ball 1-1: Ball 2-1: Called Strike 2-2: Ball 3-2: Fly out, F7 (Flyball, 7S, EV 87.5 MPH)
|
Batting: RHB Steve Stanicek
|
0-0: Fly out, F5 (Popup, 56, EV 61.9 MPH)
|
Top of the 1st over - 0 runs, 0 hits, 0 errors, 0 left on base; Port Arthur 0 - Galveston 0 |
BOTTOM OF THE 1ST |
Galveston Sand Crabs batting - Pitching for Port Arthur Pirates : RHP Armando Prieto
|
Pitching: RHP Armando Prieto
|
|
Batting: SHB Ricardo Rivera
|
0-0: Called Strike 0-1: Ground out 3-1 (Groundball, 34S, EV 90.0 MPH)
|
Batting: SHB Darryl Wilks
|
0-0: Called Strike 0-1: Ball 1-1: Ground out 4-3 (Groundball, 4, EV 78.8 MPH)
|
Batting: LHB Van Snider
|
0-0: Swinging Strike 0-1: Foul Ball, location: 2F 0-2: Strikes out swinging
|
Bottom of the 1st over - 0 runs, 0 hits, 0 errors, 0 left on base; Port Arthur 0 - Galveston 0 |
TOP OF THE 2ND |
Port Arthur Pirates batting - Pitching for Galveston Sand Crabs : LHP Randy Myers
|
Batting: LHB Dan Aruca
|
0-0: Called Strike 0-1: Fly out, F6 (Popup, 6, EV 72.5 MPH)
|
Batting: RHB Otto Gonzalez
|
0-0: Ball 1-0: Ball 2-0: Ball 3-0: Foul Ball, location: 2F 3-1: Base on Balls
|
Batting: RHB Pedro LaTorre
|
0-0: Ball 1-0: Foul Ball, location: 2F 1-1: Foul Ball, location: 2F 1-2: Ball 2-2: Foul Ball, location: 2F 2-2: Fielders Choice at 2nd, 5-4 (Groundball, 5, EV 82.5 MPH)
|
Batting: LHB Chris Rehbaum
|
0-0: SINGLE (Groundball, 56D, EV 94.4 MPH) Pedro LaTorre to second
|
Batting: RHB Fredi Gonzalez
|
0-0: Ball 1-0: Foul Ball, location: 2F 1-1: Foul Ball, location: 2F 1-2: Strikes out swinging
|
Top of the 2nd over - 0 runs, 1 hit, 0 errors, 2 left on base; Port Arthur 0 - Galveston 0 |
BOTTOM OF THE 2ND |
Galveston Sand Crabs batting - Pitching for Port Arthur Pirates : RHP Armando Prieto
|
Batting: RHB Stephen Turgeon
|
0-0: Ball 1-0: Ball 2-0: SINGLE (Line Drive, 3D, EV 105.6 MPH)
|
Batting: RHB Stephen Fleming
|
0-0: Ball 1-0: Called Strike 1-1: Fly out, F9 (Flyball, 9S, EV 83.8 MPH)
|
Batting: LHB Dave Montanari
|
0-0: Ball 1-0: Ball 2-0: Foul Ball, location: 2F 2-1: Swinging Strike 2-2: Ball 3-2: Base on Balls Stephen Turgeon to second
|
Batting: RHB Cayetano Cadahia
|
0-0: Ball 1-0: Called Strike 1-1: Grounds into double play, 5-4-3 (Groundball, 5, EV 105.6 MPH)
|
Bottom of the 2nd over - 0 runs, 1 hit, 0 errors, 1 left on base; Port Arthur 0 - Galveston 0 |
TOP OF THE 3RD |
Port Arthur Pirates batting - Pitching for Galveston Sand Crabs : LHP Randy Myers
|
Batting: RHB Michael Kwiecinski
|
0-0: Ball 1-0: Called Strike 1-1: Foul Ball, location: 2F 1-2: Ball 2-2: Strikes out looking
|
Batting: SHB Geoff Doggett
|
0-0: Called Strike 0-1: Fly out, F8 (Line Drive, 8LM, EV 88.1 MPH)
|
Batting: RHB Billy Ripken
|
0-0: Swinging Strike 0-1: Ground out 5-3 (Groundball, 56S, EV 91.3 MPH)
|
Top of the 3rd over - 0 runs, 0 hits, 0 errors, 0 left on base; Port Arthur 0 - Galveston 0 |
BOTTOM OF THE 3RD |
Galveston Sand Crabs batting - Pitching for Port Arthur Pirates : RHP Armando Prieto
|
Batting: RHB Wil Muela
|
0-0: Ball 1-0: Ball 2-0: Called Strike 2-1: Foul Ball, location: 2F 2-2: Ball 3-2: Base on Balls
|
Batting: RHB Jesus Bailon
|
0-0: Called Strike 0-1: SINGLE (Line Drive, 8RS, EV 105.0 MPH) Wil Muela to second
|
Batting: SHB Ricardo Rivera
|
0-0: Ball 1-0: Called Strike 1-1: Called Strike 1-2: Ball 2-2: Strikes out looking
|
Batting: SHB Darryl Wilks
|
0-0: Called Strike Wil Muela steals 3rd base Jesus Bailon to second 0-1: Ball 1-1: Foul Ball, location: 2F 1-2: Ball 2-2: Fly out, F7 (Line Drive, 7, EV 90.6 MPH)
|
Batting: LHB Van Snider
|
0-0: Ball 1-0: Ball 2-0: Called Strike 2-1: Ball 3-1: Ground out 4-3 (Groundball, 4M, EV 91.9 MPH)
|
Bottom of the 3rd over - 0 runs, 1 hit, 0 errors, 2 left on base; Port Arthur 0 - Galveston 0 |
TOP OF THE 4TH |
Port Arthur Pirates batting - Pitching for Galveston Sand Crabs : LHP Randy Myers
|
Batting: RHB Steve Stanicek
|
0-0: Called Strike 0-1: Ground out 6-3 (Groundball, 6, EV 88.1 MPH)
|
Batting: LHB Dan Aruca
|
0-0: Swinging Strike 0-1: Swinging Strike 0-2: Ball 1-2: Strikes out swinging
|
Batting: RHB Otto Gonzalez
|
0-0: Ground out 5-3 (Groundball, 56, EV 101.3 MPH)
|
Top of the 4th over - 0 runs, 0 hits, 0 errors, 0 left on base; Port Arthur 0 - Galveston 0 |
BOTTOM OF THE 4TH |
Galveston Sand Crabs batting - Pitching for Port Arthur Pirates : RHP Armando Prieto
|
Batting: RHB Stephen Turgeon
|
0-0: Called Strike 0-1: Swinging Strike 0-2: Foul Ball, location: 2F 0-2: Strikes out swinging
|
Batting: RHB Stephen Fleming
|
0-0: Ground out 4-3 (Groundball, 34, EV 82.5 MPH)
|
Batting: LHB Dave Montanari
|
0-0: Called Strike 0-1: Swinging Strike 0-2: Strikes out looking
|
Bottom of the 4th over - 0 runs, 0 hits, 0 errors, 0 left on base; Port Arthur 0 - Galveston 0 |
TOP OF THE 5TH |
Port Arthur Pirates batting - Pitching for Galveston Sand Crabs : LHP Randy Myers
|
Batting: RHB Pedro LaTorre
|
0-0: Ball 1-0: Ground out U3 (Groundball, 3L, EV 92.5 MPH)
|
Batting: LHB Chris Rehbaum
|
0-0: Ball 1-0: SINGLE (Flyball, 3D, EV 96.3 MPH)
|
Batting: RHB Fredi Gonzalez
|
0-0: Ball 1-0: Ball 2-0: Fly out, F5 (Popup, 56S, EV 66.9 MPH)
|
Batting: RHB Michael Kwiecinski
|
0-0: Called Strike 0-1: Foul Ball, location: 2F 0-2: Ball Balk! Chris Rehbaum to second 1-2: Strikes out swinging
|
Top of the 5th over - 0 runs, 1 hit, 0 errors, 1 left on base; Port Arthur 0 - Galveston 0 |
BOTTOM OF THE 5TH |
Galveston Sand Crabs batting - Pitching for Port Arthur Pirates : RHP Armando Prieto
|
Batting: RHB Cayetano Cadahia
|
0-0: Ball 1-0: Ground out 6-3 (Groundball, 6, EV 88.1 MPH)
|
Batting: RHB Wil Muela
|
0-0: Called Strike 0-1: Ball 1-1: Foul Ball, location: 2F 1-2: Ball 2-2: Ball 3-2: DOUBLE (Flyball, 8RXD, EV 100.6 MPH)
|
Batting: RHB Jesus Bailon
|
0-0: Ball 1-0: Ball 2-0: Fly out, F9 (Line Drive, 9, EV 103.1 MPH)
|
Batting: SHB Ricardo Rivera
|
0-0: Ground out 5-3 (Groundball, 56, EV 89.4 MPH)
|
Bottom of the 5th over - 0 runs, 1 hit, 0 errors, 1 left on base; Port Arthur 0 - Galveston 0 |
TOP OF THE 6TH |
Port Arthur Pirates batting - Pitching for Galveston Sand Crabs : LHP Randy Myers
|
Batting: SHB Geoff Doggett
|
0-0: Ball 1-0: Swinging Strike 1-1: Fly out, F8 (Flyball, 89D, EV 90.6 MPH)
|
Batting: RHB Billy Ripken
|
0-0: Foul Ball, location: 2F 0-1: SINGLE (Flyball, 4D, EV 85.6 MPH)
|
Batting: RHB Steve Stanicek
|
0-0: Called Strike 0-1: Called Strike 0-2: Strikes out swinging
|
Batting: LHB Dan Aruca
|
0-0: Ball 1-0: Foul Ball, location: 2F 1-1: Foul Ball, location: 2F 1-2: Foul Ball, location: 2F 1-2: Ball 2-2: SINGLE (Line Drive, 6D, EV 95.0 MPH) Billy Ripken to second
|
Batting: RHB Otto Gonzalez
|
0-0: Foul Ball, location: 2F 0-1: Ball 1-1: Fly out, F8 (Line Drive, 8RM, EV 90.6 MPH)
|
Top of the 6th over - 0 runs, 2 hits, 0 errors, 2 left on base; Port Arthur 0 - Galveston 0 |
BOTTOM OF THE 6TH |
Galveston Sand Crabs batting - Pitching for Port Arthur Pirates : RHP Armando Prieto
|
Batting: SHB Darryl Wilks
|
0-0: Ground out 4-3 (Groundball, 4, EV 85.0 MPH)
|
Batting: LHB Van Snider
|
0-0: Fly out, F9 (Line Drive, 9, EV 96.3 MPH)
|
Batting: RHB Stephen Turgeon
|
0-0: Foul Ball, location: 2F 0-1: Ball 1-1: Called Strike 1-2: Ball 2-2: Ball 3-2: Base on Balls
|
Batting: RHB Stephen Fleming
|
0-0: Ball Stephen Turgeon is caught stealing 2nd base 2-4
|
Bottom of the 6th over - 0 runs, 0 hits, 0 errors, 0 left on base; Port Arthur 0 - Galveston 0 |
TOP OF THE 7TH |
Port Arthur Pirates batting - Pitching for Galveston Sand Crabs : LHP Randy Myers
|
Batting: RHB Pedro LaTorre
|
0-0: Ball 1-0: Ball 2-0: Ground out 6-3 (Groundball, 6, EV 86.9 MPH)
|
Batting: LHB Chris Rehbaum
|
0-0: Ball 1-0: SINGLE (Groundball, 34D, EV 97.5 MPH)
|
Batting: RHB Fredi Gonzalez
|
0-0: Ball 1-0: Ball 2-0: Called Strike 2-1: Foul Ball, location: 2F 2-2: 2-RUN HOME RUN (Flyball, 7LD, EV 98.1 MPH), Distance : 361 ft
|
Batting: RHB Michael Kwiecinski
|
0-0: Ball 1-0: Ball 2-0: Swinging Strike 2-1: Called Strike 2-2: Foul Ball, location: 2F 2-2: Strikes out looking
|
Batting: SHB Geoff Doggett
|
0-0: Ball 1-0: Swinging Strike 1-1: Ball 2-1: Ball 3-1: Called Strike 3-2: Foul Ball, location: 2F 3-2: Foul Ball, location: 2F 3-2: Base on Balls
|
Batting: RHB Billy Ripken
|
0-0: Ball 1-0: Fly out, F8 (Flyball, 8LM, EV 75.6 MPH)
|
Top of the 7th over - 2 runs, 2 hits, 0 errors, 1 left on base; Port Arthur 2 - Galveston 0 |
BOTTOM OF THE 7TH |
Galveston Sand Crabs batting - Pitching for Port Arthur Pirates : RHP Armando Prieto
|
Batting: RHB Stephen Fleming
|
0-0: Ball 1-0: Called Strike 1-1: Ball 2-1: Ball 3-1: Called Strike 3-2: Strikes out swinging
|
Batting: LHB Dave Montanari
|
0-0: Foul Ball, location: 2F 0-1: Foul Ball, location: 2F 0-2: Foul Ball, location: 2F 0-2: Ground out 3-1 (Groundball, 34, EV 81.3 MPH)
|
Batting: RHB Cayetano Cadahia
|
0-0: Called Strike 0-1: DOUBLE (Line Drive, 89D, EV 103.8 MPH)
|
Batting: RHB Wil Muela
|
0-0: Ball 1-0: Ball 2-0: Called Strike 2-1: Ball 3-1: Base on Balls
|
Pinch Hitting: LHB David Dyrek
|
0-0: Swinging Strike 0-1: Swinging Strike 0-2: Strikes out swinging
|
Bottom of the 7th over - 0 runs, 1 hit, 0 errors, 2 left on base; Port Arthur 2 - Galveston 0 |
TOP OF THE 8TH |
Port Arthur Pirates batting - Pitching for Galveston Sand Crabs : LHP Randy Myers
|
Now in LF: David Dyrek
|
|
Batting: RHB Steve Stanicek
|
0-0: Called Strike 0-1: Called Strike 0-2: Ball 1-2: Ball 2-2: Ball 3-2: Base on Balls
|
Batting: LHB Dan Aruca
|
0-0: Fielders Choice at 2nd, 4-6 (Groundball, 4, EV 88.1 MPH)
|
Batting: RHB Otto Gonzalez
|
0-0: Fly out, F5 (Popup, 5SF, EV 81.3 MPH)
|
Batting: RHB Pedro LaTorre
|
0-0: Ball 1-0: Foul Ball, location: 2F 1-1: Ball 2-1: Called Strike Dan Aruca is caught stealing 2nd base 2-4
|
Top of the 8th over - 0 runs, 0 hits, 0 errors, 0 left on base; Port Arthur 2 - Galveston 0 |
BOTTOM OF THE 8TH |
Galveston Sand Crabs batting - Pitching for Port Arthur Pirates : RHP Armando Prieto
|
Batting: SHB Ricardo Rivera
|
0-0: Ball 1-0: Ball 2-0: Called Strike 2-1: Ball 3-1: Base on Balls
|
Batting: SHB Darryl Wilks
|
0-0: Swinging Strike 0-1: Ball 1-1: Swinging Strike 1-2: Ball 2-2: Strikes out looking
|
Batting: LHB Van Snider
|
0-0: Called Strike 0-1: Foul Ball, location: 2F 0-2: Strikes out swinging
|
Batting: RHB Stephen Turgeon
|
0-0: Ground out 5-3 (Groundball, 5S, EV 90.0 MPH)
|
Bottom of the 8th over - 0 runs, 0 hits, 0 errors, 1 left on base; Port Arthur 2 - Galveston 0 |
TOP OF THE 9TH |
Port Arthur Pirates batting - Pitching for Galveston Sand Crabs : LHP Randy Myers
|
Batting: RHB Pedro LaTorre
|
0-0: Foul Ball, location: 2F 0-1: Foul Ball, location: 2F 0-2: Ball 1-2: Foul Ball, location: 2F 1-2: Strikes out swinging
|
Batting: LHB Chris Rehbaum
|
0-0: Ball 1-0: Called Strike 1-1: Foul Ball, location: 2F 1-2: Foul Ball, location: 2F 1-2: SINGLE (Groundball, 25, EV 73.1 MPH) (infield hit)
|
Batting: RHB Fredi Gonzalez
|
0-0: Called Strike 0-1: Swinging Strike 0-2: Ball 1-2: Strikes out swinging
|
Batting: RHB Michael Kwiecinski
|
0-0: Swinging Strike 0-1: Foul Ball, location: 2F 0-2: Foul Ball, location: 2F 0-2: Strikes out swinging
|
Top of the 9th over - 0 runs, 1 hit, 0 errors, 1 left on base; Port Arthur 2 - Galveston 0 |
BOTTOM OF THE 9TH |
Galveston Sand Crabs batting - Pitching for Port Arthur Pirates : RHP Armando Prieto
|
Batting: RHB Stephen Fleming
|
0-0: Swinging Strike 0-1: Foul Ball, location: 2F 0-2: Strikes out looking
|
Batting: LHB Dave Montanari
|
0-0: Ball 1-0: Ball 2-0: Called Strike 2-1: Ball 3-1: Base on Balls
|
Batting: RHB Cayetano Cadahia
|
0-0: TRIPLE (Flyball, 9LD, EV 95.0 MPH) Dave Montanari scores
|
Pitching: LHP Victor Guichardo
|
|
Now at 2B: Bryan Harwell
|
|
Batting: RHB Wil Muela
|
0-0: Ball 1-0: Ball 2-0: Ball 3-0: Called Strike 3-1: Foul Ball, location: 2F 3-2: Foul Ball, location: 2F 3-2: Foul Ball, location: 2F 3-2: Fly out, F4 (Popup, 13S, EV 93.8 MPH)
|
Batting: LHB David Dyrek
|
0-0: Ball 1-0: Ball 2-0: Ball 3-0: Base on Balls
|
Batting: SHB Ricardo Rivera
|
0-0: Ball 1-0: Fly out, F9 (Flyball, 9, EV 88.8 MPH)
|
Bottom of the 9th over - 1 run, 1 hit, 0 errors, 2 left on base; Port Arthur 2 - Galveston 1 |
|